 Dungeon Crawl Stone Soup version 0.30-a0-760-g5a9884bb7c (webtiles) character file.

Game seed: 6817568469227645882

66440 kae the Destroyer (level 15, -12/90 HPs)
             Began as a Gargoyle Earth Elementalist on Feb 10, 2023.
             Was a High Priest of Vehumet.
             Mangled by an orc warrior
             ... wielding a +0 dire flail
             ... led by an orc warlord
              (22 damage)
             ... on level 1 of the Orcish Mines.
             The game lasted 00:23:17 (23029 turns).

kae the Destroyer (Gargoyle Earth Elementalist)    Turns: 23029, Time: 00:23:17

Health: -12/90     AC: 39    Str: 16    XL:     15   Next: 19%
Magic:  4/29       EV: 16    Int: 32    God:    Vehumet [*****.]
Gold:   1822       SH:  0    Dex:  5    Spells: 6/34 levels left

rFire   + . .      SeeInvis .    r - staff of earth {!a}
rCold   . . .      Faith    .    (no shield)
rNeg    + . .      Spirit   .    a - +11 scale mail "Gaxad" {Will++ Str+4 Dex-5}
rPois   ∞          Reflect  .    T - +1 helmet {Int+3}
rElec   +          Harm     .    q - +1 cloak {rF+}
rCorr   .          Rampage  .    Y - +0 pair of gloves
Will    +++..                    t - +1 pair of boots Stlth
                                 c - amulet of magic regeneration
HPRegen 0.35/turn                E - +5 ring of evasion
MPRegen 0.61/turn                I - +6 ring of intelligence

@: flying
A: sickness immunity, AC +11, big wings, negative energy resistance 1,
electricity resistance, torment resistance 1, petrification resistance
a: Renounce Religion


You were on level 1 of the Orcish Mines.
You worshipped Vehumet.
Vehumet was extremely pleased with you.
You visited 4 branches of the dungeon, and saw 21 of its levels.
You also visited: Volcano.

You collected 2200 gold pieces.
You spent 378 gold pieces at shops.


Innate Abilities, Weirdness & Mutations

You are immune to sickness and miasma.
Your stone body is resilient. (AC +11)
You are immune to poison.
Your large and strong wings let you fly.
You resist negative energy. (rN+)
You are resistant to electric shocks. (rElec)
You are resistant to unholy torment.
You are immune to petrification.


   Skills:
 - Level 9.0 Fighting
 - Level 9.0 Armour
 + Level 9.2 Dodging
 - Level 2.1 Stealth
 - Level 10.0 Spellcasting
 - Level 14.0 Conjurations
 - Level 0.7 Transmutations
 - Level 14.0 Earth Magic
 - Level 7.5 Evocations


You had 6 spell levels left.
You knew the following spells:

 Your Spells              Type           Power      Damage    Failure   Level
a - Sandblast             Erth           100%       2d20      1%          1
b - Stone Arrow           Conj/Erth      100%       3d13      1%          3
c - Iron Shot             Conj/Erth      51%        9d10      1%          6
d - Petrify               Tmut/Erth      76%        N/A       4%          4
e - Lee's Rapid Deconstr  Erth           51%        3d24*     1%          5
f - Orb of Destruction    Conj           41%        9d11      7%          7
g - Passwall              Tmut/Erth      63%        N/A       1%          2

Your spell library contained the following spells:

 Spells                   Type           Power      Damage    Failure   Level
 Hailstorm                Conj/Ice       57%        3d12      1%          3
 Fulminant Prism          Conj/Hex       28%        3d14      1%          4
 Iskenderun's Mystic Bla  Conj/Tloc      57%        2d12      1%          4
 Freeze                   Ice            64%        1d7       2%          1
 Poisonous Vapours        Pois/Air       32%        N/A       3%          2
 Frozen Ramparts          Ice            32%        1d5       7%          3
 Ignite Poison            Fire/Tmut/Pois 17%        N/A       7%          3
 Kindle Blastsparks       Fire/Tloc/Air  32%        2d12      7%          3
 Sting                    Tmut/Pois      72%        1d6       8%          1
 Wereblood                Tmut           20%        N/A       10%         2
 Freezing Cloud           Conj/Ice/Air   22%        6-21      10%         5
 Olgreb's Toxic Radiance  Pois           16%        N/A       22%         4
 Yara's Violent Unravell  Hex/Tmut       9%         3d6       45%         5
 Summon Forest            Summ/Tloc      8%         N/A       94%         5
 Summon Mana Viper        Hex/Summ       16%        N/A       94%         5
 Summon Cactus Giant      Summ           8%         N/A       100%        6
 Malign Gateway           Summ/Tloc      8%         N/A       100%        7
 Ozocubu's Refrigeration  Ice            8%         4d9       100%        7
 Summon Hydra             Summ           8%         N/A       100%        7
 Ignition                 Fire           8%         3d5       100%        8
 Sublimation of Blood     Necr           Unusable   N/A       N/A         2

Inventory:

Armour
 a - the +11 scale mail "Gaxad" (worn) {Will++ Str+4 Dex-5}
   (You found it on level 5 of the Lair of Beasts)

   Str:       It affects your strength (+4).
   Dex:       It affects your dexterity (-5).
   Will:      It greatly increases your willpower.
 b - a +0 hat of see invisible
   (You took it off Gastronok on level 8 of the Dungeon)
 q - a +1 cloak of fire resistance (worn)
   (You found it in a volcano)
 t - a +1 pair of boots (worn)
   (You found it on level 3 of the Dungeon)
 L - a +2 robe of the Archmagi
   (You took it off Jorgrun on level 2 of the Orcish Mines)
 O - the +3 leather armour "Huloedoc" {+Blink rF++ Regen+ Dex-4}
   (You found it on level 3 of the Lair of Beasts)

   Dex:       It affects your dexterity (-4).
   rF:        It greatly protects you from fire.
   +Blink:    It lets you blink.
   Regen:     It increases your rate of health regeneration.
 T - a +1 helmet of intelligence (worn)
   (You bought it in a shop on level 1 of the Orcish Mines)
 Y - a +0 pair of gloves (worn)
   (You found it on level 2 of the Lair of Beasts)
Magical Staves
 r - a staff of earth (weapon) {!a}
   (You took it off Jorgrun on level 2 of the Orcish Mines)
 u - a staff of cold {!a}
   (You found it on level 5 of the Dungeon)
 P - a staff of poison {!a}
   (You took it off a centaur on level 9 of the Dungeon)
Jewellery
 c - an amulet of magic regeneration (around neck)
   (You found it on level 5 of the Lair of Beasts)
 d - a +6 ring of dexterity
   (You found it on level 1 of the Lair of Beasts)
 g - an amulet of reflection
   (You found it on level 1 of the Dungeon)
 z - a ring of wizardry
   (You found it on level 9 of the Dungeon)
 C - a ring of protection from cold
   (You found it on level 3 of the Dungeon)
 D - a +6 ring of dexterity
   (You found it on level 10 of the Dungeon)
 E - a +5 ring of evasion (left hand)
   (You found it on level 1 of the Dungeon)
 F - a ring of fire
   (You found it on level 8 of the Dungeon)
 I - a +6 ring of intelligence (right hand)
   (You found it on level 4 of the Dungeon)
 N - a ring of positive energy
   (You found it on level 9 of the Dungeon)
 R - a ring of resist corrosion
   (You found it on level 2 of the Lair of Beasts)
 Z - a ring of wizardry
   (You found it on level 3 of the Dungeon)
Wands
 i - a wand of flame (63)
   (You took it off Ijyb on level 4 of the Dungeon)
 n - a wand of polymorph (2)
   (You took it off Robin on level 2 of the Dungeon)
 v - a wand of iceblast (16)
   (You took it off Maggie on level 8 of the Dungeon)
 y - a wand of mindburst (11)
   (You found it on level 6 of the Dungeon)
 W - a wand of digging (4)
   (You found it on level 5 of the Lair of Beasts)
 X - a wand of charming (9)
   (You took it off Sonja on level 10 of the Dungeon)
Scrolls
 e - a scroll of torment {!r}
 k - 9 scrolls of teleportation {@r4}
 o - 2 scrolls of immolation {!r!r}
 p - a scroll of fear
 s - a scroll of magic mapping {!r}
 w - 2 scrolls of enchant armour
 J - 2 scrolls of blinking {!r}
 K - 3 scrolls of vulnerability {!r!r}
 M - 7 scrolls of identify {@r1}
 S - a scroll of fog
Potions
 f - a potion of resistance
 h - 8 potions of attraction {!q}
 j - 3 potions of haste {@q3}
 l - 3 potions of magic
 m - 2 potions of brilliance
 x - a potion of invisibility
 A - 5 potions of curing {@q1}
 B - 2 potions of mutation {!q}
 G - 3 potions of lignification {!q}
 H - a potion of might
 Q - 2 potions of berserk rage {!q}
 V - 2 potions of heal wounds {@q2}
Miscellaneous
 U - a phial of floods
   (You found it on level 10 of the Dungeon)

Dungeon Overview and Level Annotations

Branches:
Dungeon (13/15) Zot: 25585  Temple (1/1) D:4 Zot: 5900    Lair (5/5) D:8 Zot: 22984
  Swamp (0/4) Lair:3        Snake (0/4) Lair:3        Slime (0/5) Lair:5
    Orc (2/2) D:11 Zot: 10882     Elf (0/3) Orc:2       Volcano (visited)
 Vaults: D:13-14

Altars:
Ashenzari
Cheibriados
Dithmenos
Elyvilon
Fedhas
Gozag
Hepliaklqana
Kikubaaqudgha
Makhleb
Nemelex Xobeh
Okawaru
Qazlal
Ru
Sif Muna
Trog
Uskayaw
Vehumet
Wu Jian
Xom
Yredelemnul
Zin
The Shining One
Jiyva

Shops:
D:2 ?   D:6 ?   D:7 (   D:8 :   Orc:1 !**

Annotations:
D:3 1 runed translucent door, Crazy Yiuf
D:5 3 runed translucent doors, XanderDroid's ghost, novice TrFi
D:8 3 runed translucent doors, CaliBri's ghost, novice MiFi
D:9 4 transporters
Lair:3 Kirke

###############
##.##..#.......# # ###
#...............
###.###..............
##...#.#.#.......#..
#.........#......#
#................#
...#.#.......#.o.#
..#####.....##.#@# .##
##...###.o## .##
#.....##.oo# ..##
##...###.o.oo ...##
##### .##o..o.
....##### .. .......
......#.## ##. .......
..#......# ##.........
....#....#####.........


You could see 3 orc warriors and an orc wizard (strong).


Message History

The orc warlord hits you but does no damage. 😨 MP[-2]
You lost 2 mp, and now have 5/29 mp.
Casting: Stone Arrow (safe; 1% risk of failure)
Confirm with . or Enter, or press ? or * to list all spells.
Aiming: Stone Arrow (safe; 1% risk of failure)
Press: ? - help, Shift-Dir - straight line, f/p - orc warlord
Aim: an orc warlord, wielding a +0 dire flail and wearing a +0 plate armour (heavily wounded, 87% to hit)
You feel a surge of power!
The stone arrow misses the orc warlord.
The orc warrior no longer looks unusually strong.
The orc warlord roars a battlecry!
The orc warrior goes into a battle-frenzy! 😨 HP[+1] MP[-3]
You lost 3 mp, and now have 2/29 mp.
Unknown command.
Casting: Stone Arrow (safe; 1% risk of failure)
Confirm with . or Enter, or press ? or * to list all spells.
You don't have enough magic to cast this spell.
Magic courses through your body. The orc warlord misses you. 😨 MP[+16]
You regained 16 mp, and now have 18/29 mp.
Casting: Stone Arrow (safe; 1% risk of failure)
Confirm with . or Enter, or press ? or * to list all spells.
Aiming: Stone Arrow (safe; 1% risk of failure)
Press: ? - help, Shift-Dir - straight line, f/p - orc warlord
Aim: an orc warlord, wielding a +0 dire flail and wearing a +0 plate armour (heavily wounded, 87% to hit)
You feel a surge of power!
The stone arrow hits the orc warlord!!
The orc warlord hits you but does no damage. 😨 MP[-2]
You lost 2 mp, and now have 16/29 mp.
Casting: Stone Arrow (safe; 1% risk of failure)
Confirm with . or Enter, or press ? or * to list all spells.
Aiming: Stone Arrow (safe; 1% risk of failure)
Press: ? - help, Shift-Dir - straight line, f/p - orc warlord
Aim: an orc warlord, wielding a +0 dire flail and wearing a +0 plate armour (severely wounded, 87% to hit)
You feel a surge of power!
The stone arrow hits the orc warlord!
The orc warlord barely misses you. 😨 HP[+1] MP[-3]
You lost 3 mp, and now have 13/29 mp.
Casting: Stone Arrow (safe; 1% risk of failure)
Confirm with . or Enter, or press ? or * to list all spells.
Aiming: Stone Arrow (safe; 1% risk of failure)
Press: ? - help, Shift-Dir - straight line, f/p - orc warlord
Aim: an orc warlord, wielding a +0 dire flail and wearing a +0 plate armour (severely wounded, 87% to hit)
You feel a surge of power!
The stone arrow hits the orc warlord.
The orc warlord roars a battlecry! 😨 MP[-2]
You lost 2 mp, and now have 11/29 mp.
Unknown command.
Casting: Stone Arrow (safe; 1% risk of failure)
Confirm with . or Enter, or press ? or * to list all spells.
Aiming: Stone Arrow (safe; 1% risk of failure)
Press: ? - help, Shift-Dir - straight line, f/p - orc warlord
Aim: an orc warlord, wielding a +0 dire flail and wearing a +0 plate armour (severely wounded, 87% to hit)
You feel a surge of power!
The stone arrow misses the orc warlord.
The orc warlord hits you with a +0 dire flail!
* * * LOW HITPOINT WARNING * * *
😨 HP[-16] MP[-3]
You take 16 damage, and now have 29/90 hp.
You lost 3 mp, and now have 8/29 mp.
Unknown command.
Casting: Stone Arrow (safe; 1% risk of failure)
Confirm with . or Enter, or press ? or * to list all spells.
Aiming: Stone Arrow (safe; 1% risk of failure)
Press: ? - help, Shift-Dir - straight line, f/p - orc warlord
Aim: an orc warlord, wielding a +0 dire flail and wearing a +0 plate armour (severely wounded, 87% to hit)
You feel a surge of power!
The stone arrow hits the orc warlord!
The orc warlord closely misses you. 😨 HP[+1] MP[-2]
You lost 2 mp, and now have 6/29 mp.
Unknown command.
Casting: Stone Arrow (safe; 1% risk of failure)
Confirm with . or Enter, or press ? or * to list all spells.
Aiming: Stone Arrow (safe; 1% risk of failure)
Press: ? - help, Shift-Dir - straight line, f/p - orc warlord
Aim: an orc warlord, wielding a +0 dire flail and wearing a +0 plate armour (almost dead, 87% to hit)
You feel a surge of power!
The stone arrow hits the orc warlord!!
You kill the orc warlord!
Vehumet accepts your kill. 😨 MP[-2]
You lost 2 mp, and now have 4/29 mp.
Casting: Stone Arrow (safe; 1% risk of failure)
Confirm with . or Enter, or press ? or * to list all spells.
Aiming: Sandblast (safe; 1% risk of failure)
Press: ? - help, Shift-Dir - straight line, f - orc warrior
Aim: an orc warrior, wielding a +0 scimitar and wearing a +0 chain mail (strong, 84% to hit)
You feel a surge of power!
The blast of sand misses the orc warrior.
The orc warrior completely misses you. The orc warrior barely misses you.
Casting: Sandblast (safe; 1% risk of failure)
Confirm with . or Enter, or press ? or * to list all spells.
Aiming: Sandblast (safe; 1% risk of failure)
Press: ? - help, Shift-Dir - straight line, f/p - orc warrior
Aim: an orc warrior, wielding a +0 scimitar and wearing a +0 chain mail (strong, 84% to hit)
You feel a surge of power!
The blast of sand hits the orc warrior but does no damage.
The orc warrior hits you with a +0 scimitar!!
* * * LOW HITPOINT WARNING * * *
The orc warrior hits you with a +0 dire flail!!
You die...

Skill      XL: |  1  2  3  4  5  6  7  8  9 10 11 12 13 14 15 |
---------------+----------------------------------------------+-----
Earth Magic    | 4 5 6 7 9 10 12 14 | 14.0
Conjurations   | 1 2 3 5 6 8 10 12 14 | 14.0
Spellcasting   | 3 4 5 6 7 9 10 | 10.0
Fighting       | 4 8 9 |  9.0
Armour         | 4 8 9 |  9.0
Evocations     | 3 6 7 |  7.5
Dodging        | 8 9 |  9.2
Stealth        | |  2.1
Transmutations | |  0.7

Action                     |  1- 3 |  4- 6 |  7- 9 | 10-12 | 13-15 || total
---------------------------+-------+-------+-------+-------+-------++-------
  Melee: Unarmed           |    35 |       |       |       |       ||    35
         Dagger            |       |     4 |     8 |       |       ||    12
         Spear             |       |       |       |     6 |   111 ||   117
         Punch             |       |       |       |       |     2 ||     2
   Cast: Sandblast         |    57 |    85 |    86 |   131 |   243 ||   602
         Stone Arrow       |       |     5 |    47 |   194 |   465 ||   711
         Lee's Rapid Decon |       |       |       |       |     2 ||     2
         Orb of Destructio |       |       |       |       |     2 ||     2
  Evoke: Wand              |       |       |     5 |     1 |     1 ||     7
    Use: Potion            |     3 |     3 |     1 |     2 |     3 ||    12
         Scroll            |     2 |     7 |     7 |     4 |     4 ||    24
 Armour: Robe              |    13 |    17 |    26 |    33 |       ||    89
         Skin              |     1 |       |       |       |       ||     1
         Leather armour    |       |       |       |    32 |   226 ||   258
         Scale mail        |       |       |       |       |   242 ||   242
  Dodge: Dodged            |    28 |    34 |    64 |   158 |   541 ||   825
  Block: Other             |     2 |    18 |    22 |    38 |    51 ||   131
         Reflection        |       |     1 |     3 |     2 |     3 ||     9

Levels and vault maps discovered:
D:1:      sevenhm_arrival_forest_fort_large_2, layout_basic,
          hangedman_glass_teeth
D:2:      layout_basic, serial_rivers, chequers_serial_rivers_micro_b,
          chequers_serial_rivers_micro_e, chequers_serial_rivers_micro_d,
          chequers_serial_rivers_small_b, chequers_serial_rivers_room_a,
          chequers_serial_rivers_small_b, serial_shops, shop, uniq_robin
D:3:      layout_loops_ring, uniq_crazy_yiuf_cottage, uniq_terence
D:4:      layout_layer_cave, kennysheep_little_box, temple_fountains,
          minmay_misc_feat_ornament, uniq_ijyb
D:5:      layout_rooms, fedhas_altar_3, biasface_ghost_orc_armoury
D:6:      layout_loops_ring, serial_shops, nicolae_shop_waterfront
D:7:      layout_basic, mainiacjoe_overflow_catwalk_spiral, zin_treasury,
          serial_shops, shop_statue, serial_bayou_lagoon_a
D:8:      layout_rooms, xom_shifter_show, david_lair_shrubbed,
          ebering_ghost_gozag, serial_shops,
          nicolae_shop_competitors_out_of_business,
          nicolae_straight_to_the_point, uniq_maggie, uniq_gastronok, uniq_erica
D:9:      layout_gridville, mainiacjoe_overflow_alcove_1, hex_tiny,
          nicolae_diode_quadrants
D:10:     layout_rooms, grunt_gozag_statues, uniq_lodul, uniq_sonja
D:11:     layout_loops_cross, minmay_orc_entry_guard_dogs,
          minmay_misc_feat_plants, nicolae_uskayaw_dance_studio, uniq_josephine
D:12:     layout_loops_ring
D:13:     minmay_recursive_quarters, layout_stronghold
Temple:   compressed_dpeg_circular_temple
Lair:1:   layout_layer_cave
Lair:2:   layout_cave_pods, kennysheep_abandoned_house, serial_bayou_shore_a
Lair:3:   layout_concentric_octagons, swamp_mist_pool,
          guppyfry_snake_entry_island, grunt_megastairs_1, uniq_kirke
Lair:4:   layout_misc_corridors, enter_volcano_2, infiniplex_staircase_pool_2,
          grunt_megastairs_2, lemuel_fruit_fields, lemuel_fruit_tree
Lair:5:   hangedman_lair_in_review, layout_hall_layers,
          nicolae_slime_entry_field_trip, minmay_stone_trees_small
Orc:1:    layout_caves, serial_shops, nicolae_diamond_shop,
          nicolae_shop_advertising_works [nicolae_subvault_shop_adworks], shop,
          shop, nicolae_orc_bridge_out, uniq_jorgrun
Orc:2:    st_orc_town, layout_caves, serial_shops, nicolae_lakefront_shop

Notes
Turn   | Place    | Note
-------+----------+-------------------------------------------
     0 | D:1      | kae the Gargoyle Earth Elementalist began the quest for the
                  | Orb.
     0 | D:1      | Reached XP level 1. HP: 10/10 MP: 3/3
     0 | D:1      | magus.rc [v1.11.3]
   165 | D:1      | Reached skill level 4 in Earth Magic
   188 | D:1      | Reached XP level 2. HP: 15/15 MP: 0/5
   314 | D:1      | HP: 3/15 [hobgoblin (1)]
   319 | D:1      | HP: 3/15 [hobgoblin (1)]
   335 | D:1      | HP: 4/22 [goblin/+0 dagger (3)]
   398 | D:1      | You add the spells Sting, Poisonous Vapours and Olgreb's
                  | Toxic Radiance to your library.
   449 | D:1      | You add the spells Yara's Violent Unravelling and Malign
                  | Gateway to your library.
   449 | D:1      | Got the Treatise on the Twisted Gestalt
   577 | D:1      | You pick up a book of Frost and begin reading...
   577 | D:1      | You add the spells Freeze, Frozen Ramparts and Hailstorm to
                  | your library.
   905 | D:2      | Reached XP level 3. HP: 19/19 MP: 3/6
   909 | D:2      | Learned a level 3 spell: Stone Arrow
   912 | D:2      | Learned a level 2 spell: Passwall
  1203 | D:2      | Found Fuosoceca's Magic Scroll Shoppe.
  1210 | D:2      | Bought a scroll of identify for 26 gold pieces
  1210 | D:2      | Bought a scroll of noise for 13 gold pieces
  1290 | D:2      | Noticed Robin
  1491 | D:2      | Reached skill level 1 in Conjurations
  1515 | D:2      | Killed Robin
  1516 | D:2      | Reached XP level 4. HP: 24/24 MP: 4/8
  2430 | D:3      | Reached skill level 2 in Conjurations
  2454 | D:3      | Reached skill level 3 in Spellcasting
  2707 | D:3      | Noticed Terence
  2714 | D:3      | Killed Terence
  2715 | D:3      | Reached skill level 5 in Earth Magic
  2715 | D:3      | Reached XP level 5. HP: 28/28 MP: 0/9
  2893 | D:3      | Identified the +8 hammer "Grim Tooth" {drain, Str+2 Int+3
                  | Dex-4}
  2897 | D:3      | Found a runed translucent door.
  2898 | D:3      | Noticed Crazy Yiuf
  2952 | D:3      | Learned a level 4 spell: Petrify
  2997 | D:4      | Reached skill level 3 in Conjurations
  3063 | D:4      | Found a staircase to the Ecumenical Temple.
  3069 | Temple   | Entered the Ecumenical Temple
  3500 | D:4      | Noticed Ijyb
  3512 | D:4      | Killed Ijyb
  3513 | D:4      | Reached XP level 6. HP: 15/32 MP: 0/11
  3711 | D:4      | Found a radiant altar of Vehumet.
  3946 | D:4      | Became a worshipper of Vehumet
  4222 | D:4      | Reached skill level 4 in Conjurations
  4498 | D:5      | Entered Level 5 of the Dungeon
  4734 | D:5      | HP: 7/32 [ogre/+0 giant club (25)]
  4744 | D:4      | Reached skill level 4 in Spellcasting
  4744 | D:4      | Reached skill level 5 in Conjurations
  4744 | D:4      | Reached skill level 6 in Earth Magic
  4744 | D:4      | Reached XP level 7. HP: 18/36 MP: 3/13
  4994 | D:5      | Found a blossoming altar of Fedhas.
  5115 | D:5      | Reached skill level 6 in Conjurations
  5154 | D:5      | Reached XP level 8. HP: 41/41 MP: 0/14
  5488 | D:5      | Found a runed translucent gate.
  5490 | D:5      | Found a runed translucent gate.
  5494 | D:5      | Found a runed translucent gate.
  5495 | D:5      | Noticed XanderDroid's ghost (novice TrFi)
  5635 | D:6      | Reached skill level 7 in Earth Magic
  5840 | D:6      | You pick up a book of Blasting and begin reading...
  5840 | D:6      | You add the spells Kindle Blastsparks, Fulminant Prism,
                  | Iskenderun's Mystic Blast and Lee's Rapid Deconstruction to
                  | your library.
  5847 | D:6      | Reached skill level 7 in Conjurations
  5914 | D:6      | Reached skill level 5 in Spellcasting
  6025 | D:6      | HP: 9/41 [orc priest/divine providence (11)]
  6176 | D:6      | Found Furej's Magic Scroll Boutique.
  6323 | D:6      | Reached skill level 8 in Conjurations
  6476 | D:6      | Bought a scroll of identify for 28 gold pieces
  6478 | D:6      | Bought a scroll of identify for 28 gold pieces
  6478 | D:6      | Bought a scroll of identify for 28 gold pieces
  6554 | D:6      | Reached XP level 9. HP: 45/45 MP: 10/17
  6586 | D:6      | Reached skill level 8 in Earth Magic
  6648 | D:6      | Reached * piety under Vehumet
  6648 | D:6      | Offered knowledge of Kiss of Death by Vehumet.
  6901 | D:7      | Found an iron altar of Okawaru.
  6916 | D:7      | Reached skill level 9 in Conjurations
  6919 | D:7      | Reached skill level 6 in Spellcasting
  7003 | D:7      | Found a shadowy altar of Dithmenos.
  7054 | D:7      | Found Guxtare's Antique Weapon Emporium.
  7118 | D:7      | Found a glowing silver altar of Zin.
  7442 | D:8      | Noticed Gastronok
  7577 | D:7      | Reached ** piety under Vehumet
  7577 | D:7      | Offered knowledge of Static Discharge by Vehumet.
  7582 | D:7      | Reached skill level 9 in Earth Magic
  7597 | D:7      | Reached skill level 10 in Conjurations
  7707 | D:8      | Noticed a komodo dragon
  7713 | D:8      | Killed a komodo dragon
  7714 | D:8      | Reached XP level 10. HP: 23/50 MP: 3/20
  7815 | D:8      | Found a staircase to the Lair.
  7843 | D:8      | Found Hahi's Book Boutique.
  7882 | D:8      | Found a runed translucent gate.
  7882 | D:8      | Found a runed translucent gate.
  7913 | D:8      | Noticed Erica
  7922 | D:8      | Killed Erica
  7923 | D:8      | Reached skill level 7 in Spellcasting
  7923 | D:8      | Reached skill level 11 in Conjurations
  7927 | D:8      | Noticed Maggie
  8043 | D:8      | Killed Maggie
  8159 | D:8      | HP: 10/50 [Gastronok/the air (28)]
  8170 | D:8      | HP: 4/50 [Gastronok/the air (22)]
  8172 | D:8      | Killed Gastronok
  8173 | D:8      | Reached skill level 10 in Earth Magic
  8341 | D:8      | Found a shimmering altar of Xom.
  8355 | D:8      | Found a shimmering altar of Xom.
  8355 | D:8      | Found a shimmering altar of Xom.
  8498 | D:8      | Found a runed translucent gate.
  8502 | D:8      | Noticed CaliBri's ghost (novice MiFi)
  8504 | D:8      | Found an opulent altar of Gozag.
  8758 | D:9      | Learned a level 5 spell: Lee's Rapid Deconstruction
  8768 | D:9      | Found a transporter.
  8779 | D:9      | Found a transporter.
  8781 | D:9      | Found a transporter.
  8975 | D:9      | Found a transporter.
  9106 | D:9      | Reached skill level 12 in Conjurations
  9217 | D:9      | Reached XP level 11. HP: 37/54 MP: 11/22
  9303 | D:9      | You add the spells Ozocubu's Refrigeration and Ignition to
                  | your library.
  9396 | D:8      | Reached skill level 8 in Spellcasting
  9503 | D:8      | Offered knowledge of Searing Ray by Vehumet.
  9708 | D:9      | Reached skill level 11 in Earth Magic
  9915 | D:9      | Found a hazy altar of Hepliaklqana.
 10121 | D:10     | Entered Level 10 of the Dungeon
 10121 | D:10     | Noticed Lodul
 10173 | D:10     | Reached skill level 13 in Conjurations
 10501 | D:10     | Killed Lodul
 10577 | D:10     | Found an opulent altar of Gozag.
 10616 | D:10     | Noticed Sonja
 10623 | D:10     | Killed Sonja
 10747 | D:10     | Noticed a two-headed ogre
 10749 | D:10     | Killed a two-headed ogre
 10749 | D:10     | Reached *** piety under Vehumet
 11091 | Lair:1   | Entered Level 1 of the Lair of Beasts
 12105 | Lair:1   | Reached skill level 14 in Conjurations
 12609 | Lair:2   | Reached skill level 9 in Spellcasting
 12609 | Lair:2   | Reached skill level 12 in Earth Magic
 12726 | Lair:2   | Noticed a skyshark
 12731 | Lair:2   | Reached XP level 12. HP: 59/59 MP: 16/25
 13007 | Lair:2   | Noticed a five-headed hydra
 13017 | Lair:2   | Killed a five-headed hydra
 13278 | Lair:2   | Offered knowledge of Ignite Poison by Vehumet.
 13419 | Lair:2   | You pick up a book of the Wilderness and begin reading...
 13419 | Lair:2   | You add the spells Summon Forest, Summon Mana Viper and
                  | Summon Cactus Giant to your library.
 13949 | Lair:2   | Reached skill level 13 in Earth Magic
 14427 | Lair:3   | Reached skill level 10 in Spellcasting
 14443 | Lair:3   | Noticed Kirke
 14500 | Lair:3   | Found a staircase to the Snake Pit.
 14576 | Lair:3   | Identified the +3 leather armour "Huloedoc" {+Blink rF++
                  | Regen+ Dex-4}
 14702 | Lair:3   | Noticed a four-headed hydra
 14709 | Lair:3   | Killed a four-headed hydra
 14891 | Lair:3   | Reached skill level 14 in Earth Magic
 15041 | Lair:3   | Noticed a four-headed hydra
 15048 | Lair:3   | Killed a four-headed hydra
 15049 | Lair:3   | Reached skill level 1 in Fighting
 15049 | Lair:3   | Reached skill level 1 in Armour
 15049 | Lair:3   | Reached skill level 1 in Evocations
 15124 | Lair:3   | Reached skill level 2 in Fighting
 15126 | Lair:3   | Reached skill level 2 in Armour
 15128 | Lair:3   | Reached skill level 2 in Evocations
 15183 | Lair:3   | Reached skill level 3 in Fighting
 15184 | Lair:3   | Reached skill level 3 in Armour
 15281 | Lair:3   | Found a staircase to the Swamp.
 15444 | Lair:4   | Found a dark tunnel.
 15475 | Lair:4   | Noticed a catoblepas
 15509 | Lair:4   | Reached skill level 3 in Evocations
 15512 | Lair:4   | Killed a catoblepas
 15513 | Lair:4   | Reached skill level 4 in Fighting
 15513 | Lair:4   | Reached skill level 4 in Armour
 15515 | Lair:4   | Reached **** piety under Vehumet
 15533 | Lair:4   | Reached XP level 13. HP: 71/71 MP: 4/27
 15594 | Volcano  | Entered a volcano
 15821 | Volcano  | HP: 13/72 [centaur warrior/arrow (15)]
 15830 | Volcano  | Reached skill level 4 in Evocations
 15836 | Volcano  | Reached skill level 5 in Fighting
 15836 | Volcano  | Reached skill level 5 in Armour
 16121 | Lair:4   | Offered knowledge of Lightning Bolt by Vehumet.
 16577 | Lair:4   | Identified the +0 pair of boots of the Pink Corner {Harm
                  | rPois Str+3}
 16662 | Lair:5   | Entered Level 5 of the Lair of Beasts
 16665 | Lair:5   | Reached skill level 6 in Fighting
 16665 | Lair:5   | Reached skill level 6 in Armour
 16711 | Lair:5   | Reached skill level 5 in Evocations
 16847 | Lair:5   | Reached ***** piety under Vehumet
 16998 | Lair:5   | You add the spells Ignite Poison and Freezing Cloud to your
                  | library.
 17235 | Lair:5   | Found a viscous altar of Jiyva.
 17269 | Lair:5   | Offered knowledge of Irradiate by Vehumet.
 17289 | Lair:5   | HP: 19/76 [yak (7)]
 17345 | Lair:5   | Reached skill level 7 in Fighting
 17345 | Lair:5   | Reached skill level 7 in Armour
 17450 | Lair:5   | Found a staircase to the Slime Pits.
 17612 | Lair:5   | Reached skill level 6 in Evocations
 17874 | Lair:5   | HP: 17/76 [torpor snail (14)]
 17878 | Lair:5   | HP: 7/77 [manticore (8)]
 17952 | Lair:5   | Reached skill level 8 in Fighting
 17952 | Lair:5   | Reached skill level 8 in Armour
 18031 | Lair:5   | Gained mutation: Your large and strong wings let you fly.
                  | [Gargoyle growth]
 18031 | Lair:5   | Reached XP level 14. HP: 75/84 MP: 15/28
 18072 | Lair:5   | HP: 21/84 [torpor snail (3)]
 18072 | Lair:5   | HP: 8/84 [death yak (11)]
 18131 | Lair:5   | Reached skill level 7 in Evocations
 18242 | Lair:5   | Identified the +11 scale mail "Gaxad" {Will++ Str+4 Dex-5}
 18245 | Lair:5   | Identified a +2 crystal plate armour
 18539 | D:11     | Noticed Josephine
 18550 | D:11     | Killed Josephine
 18856 | D:11     | Reached skill level 9 in Armour
 18892 | D:11     | Reached skill level 9 in Fighting
 19135 | D:11     | Found a staircase to the Orcish Mines.
 19198 | D:11     | Reached skill level 2 in Dodging
 19329 | D:11     | Found a hide-covered altar of Uskayaw.
 19639 | D:12     | Reached skill level 3 in Dodging
 19878 | D:12     | HP: 16/86 [very large slime creature (10)]
 20172 | D:12     | Reached skill level 4 in Dodging
 20379 | D:12     | Offered knowledge of Orb of Destruction by Vehumet.
 20538 | D:12     | Learned a level 7 spell: Orb of Destruction
 20603 | D:13     | Reached skill level 5 in Dodging
 20888 | D:13     | Reached skill level 6 in Dodging
 21282 | D:13     | Reached skill level 7 in Dodging
 21647 | D:13     | You pick up a book of Blood and begin reading...
 21647 | D:13     | You add the spells Wereblood and Summon Hydra to your
                  | library.
 21943 | Orc:1    | Entered Level 1 of the Orcish Mines
 21943 | Orc:1    | Found Liuwashoh's Distillery.
 22060 | Orc:1    | Found Fozximum's General Store.
 22200 | Orc:2    | Entered Level 2 of the Orcish Mines
 22298 | Orc:2    | Reached skill level 8 in Dodging
 22298 | Orc:2    | Reached XP level 15. HP: 90/90 MP: 23/29
 22528 | Orc:2    | Offered knowledge of Iron Shot by Vehumet.
 22536 | Orc:2    | Learned a level 6 spell: Iron Shot
 22598 | Orc:2    | Found a staircase to the Elven Halls.
 22662 | Orc:1    | Identified a +2 robe of the Archmagi
 22662 | Orc:1    | Noticed Jorgrun
 22663 | Orc:1    | Found Kohol's Assorted Antiques.
 22683 | Orc:2    | Killed Jorgrun
 22684 | Orc:2    | Reached skill level 9 in Dodging
 22812 | Orc:1    | Bought a shiny helmet for 255 gold pieces
 23004 | Orc:1    | Noticed an orc warlord
 23027 | Orc:1    | Killed an orc warlord
 23029 | Orc:1    | HP: 10/90 [orc warrior/+0 scimitar[an orc warlord] (21)]
 23029 | Orc:1    | Mangled by an orc warrior

Vanquished Creatures
  Jorgrun (Orc:2)
  Gastronok (D:8)
  An orc warlord (Orc:1)
  Josephine (D:11)
  3 hydras
  2 catoblepae
  3 centaur warriors
  Erica (D:8)
  3 two-headed ogres
  3 death yaks
  2 boulder beetles (D:13)
  2 tengu warriors (D:13)
  A hell knight (Volcano)
  Sonja (D:10)
  4 skeletal warriors (D:13)
  Lodul (D:10)
  A skyshark (Lair:2)
  9 slime creatures (D:12)
  A lindwurm (Lair:5)
  A wolf spider (Lair:5)
  5 orc sorcerers (Orc:2)
  5 manticores
  An ugly thing (D:13)
  10 elephants
  A cyclops (D:11)
  2 torpor snails (Lair:5)
  5 cane toads
  5 black mambas
  Maggie (D:8)
  2 unseen horrors
  2 kobold demonologists
  8 komodo dragons
  2 gargoyles
  A rime drake (Lair:3)
  4 tengu conjurers (D:13)
  A hornet (D:11)
  A troll (shapeshifter) (D:13)
  4 trolls
  9 blink frogs (Lair:3)
  16 dream sheep
  5 wraiths (D:11)
  A shadow (D:13)
  48 yaks
  6 wyverns
  4 vampire mosquitoes
  5 basilisks
  2 hogs (Lair:3)
  An acid dragon (D:6)
  10 wargs
  16 water moccasins
  13 orc warriors
  2 sky beasts
  14 ogres
  8 wolves
  13 centaurs
  A gnoll sergeant (D:6)
  7 kobold brigands
  13 bullfrogs
  4 necrophages
  6 scorpions
  3 wights (D:7)
  16 killer bees
  2 howler monkeys (D:8)
  4 hounds
  5 orc priests
  9 jellies
  An iguana (D:5)
  Ijyb (D:4)
  Terence (D:3)
  21 orc wizards
  2 hell rats (Lair:2)
  Robin (D:2)
  3 gnolls (D:6)
  4 adders
  7 river rats (Lair:2)
  A shadow imp (D:5)
  An ufetubus (D:6)
  4 worms
  A dart slug (D:4)
  52 orcs
  6 ball pythons
  2 bats (D:3)
  3 endoplasms
  2 giant cockroaches
  14 goblins
  14 hobgoblins
  6 jackals
  25 kobolds
  5 quokkas
  3 frilled lizards
  13 rats
538 creatures vanquished.

Vanquished Creatures (collateral kills)
  An orc wizard (Orc:2)
  An orc (Orc:2)
2 creatures vanquished.

Vanquished Creatures (others)
  A yaktaur (Volcano)
  A kobold (D:7)
  16 fungi
  43 plants
61 creatures vanquished.

Grand Total: 601 creatures vanquished

Table legend:
 A = Non-vault XP
 B = Vault XP
 C = Vault XP percentage of total XP
 D = Non-vault monster count
 E = Vault monster count
 F = Vault count percentage of total count
                 A         B        C        D         E       F
            +---------+---------+-------+---------+---------+-------
      Total |   61368 |   33547 |  35.3 |     391 |     150 |  27.7
            +---------+---------+-------+---------+---------+-------
        D:1 |      31 |       0 |   0.0 |      19 |       0 |   0.0
        D:2 |      32 |      40 |  55.6 |      16 |      13 |  44.8
        D:3 |      71 |      36 |  33.6 |      18 |       1 |   5.3
        D:4 |     518 |      36 |   6.5 |      24 |       1 |   4.0
        D:5 |     673 |       0 |   0.0 |      11 |       0 |   0.0
        D:6 |    1095 |       0 |   0.0 |      21 |       0 |   0.0
        D:7 |    1798 |       0 |   0.0 |      29 |       0 |   0.0
        D:8 |    1260 |    3137 |  71.3 |      11 |       4 |  26.7
        D:9 |    2571 |     245 |   8.7 |      25 |       2 |   7.4
       D:10 |    1605 |    2252 |  58.4 |       4 |       8 |  66.7
       D:11 |    3078 |    2731 |  47.0 |      16 |      15 |  48.4
       D:12 |    7382 |       0 |   0.0 |      35 |       0 |   0.0
       D:13 |   11919 |    2532 |  17.5 |      26 |       5 |  16.1
     Lair:1 |    1813 |       0 |   0.0 |      10 |       0 |   0.0
     Lair:2 |    4032 |    1010 |  20.0 |      18 |      17 |  48.6
     Lair:3 |    3786 |    3274 |  46.4 |      15 |       9 |  37.5
     Lair:4 |    7024 |    1049 |  13.0 |      24 |       3 |  11.1
     Lair:5 |    9355 |    9094 |  49.3 |      35 |      25 |  41.7
      Orc:1 |    2283 |       0 |   0.0 |      16 |       0 |   0.0
      Orc:2 |    1042 |    5917 |  85.0 |      18 |      41 |  69.5
    Volcano |       0 |    2194 | 100.0 |       0 |       6 | 100.0
            +---------+---------+-------+---------+---------+-------

Illustrated notes

Table legend:
 A = Kills in this place as a percentage of kills in entire the game.
 B = Kills by you in this place as a percentage of kills by you in the entire game.
 C = Kills by friends in this place as a percentage of kills by friends in the entire game.
 D = Other kills in this place as a percentage of other kills in the entire game.
 E = Experience gained in this place as a percentage of experience gained in the entire game.
 F = Experience gained in this place divided by the number of levels of this place that you have seen.
                   A       B       C       D       E      F
               +-------+-------+-------+-------+-------+----------------------
         Total | 100.0 | 100.0 | 100.0 | 100.0 | 100.0 | 4314.3
       Dungeon |  56.2 |  56.5 |   0.0 |   0.0 |  45.3 | 3310.9
          Lair |  28.8 |  29.0 |   0.0 |   0.0 |  42.6 | 8087.4
  Orcish Mines |  13.9 |  13.6 | 100.0 |   0.0 |   9.7 | 4621.0
       Volcano |   1.1 |   0.9 |   0.0 | 100.0 |   2.3 | 2194.0
               +-------+-------+-------+-------+-------+----------------------

Table legend: (Time is in decaauts)
 A = Elapsed time spent in this place.
 B = Non-inter-level travel time spent in this place.
 C = Inter-level travel time spent in this place.
 D = Time resting spent in this place.
 E = Time spent auto-exploring this place.
 F = Levels seen in this place.
 G = Mean time per level.
                   A        B        C        D        E       F      G
               +--------+--------+--------+--------+--------+-----+--------+
         Total |  23452 |  22568 |    884 |   2109 |  16867 |  22 | 1066.0 |
       Dungeon |  14754 |  14081 |    673 |   1560 |  10503 |  13 | 1134.9 |
        Temple |     99 |     88 |     11 |      0 |     76 |   1 |   99.0 |
          Lair |   7015 |   6853 |    162 |    327 |   5412 |   5 | 1403.0 |
  Orcish Mines |   1115 |   1079 |     36 |    108 |    619 |   2 |  557.5 |
       Volcano |    466 |    466 |      0 |    113 |    256 |   1 |  466.0 |
               +--------+--------+--------+--------+--------+-----+--------+

Top non-repeatable levels by time:
     D:4: 1772 daAuts
  Lair:5: 1752 daAuts
  Lair:2: 1625 daAuts
  Lair:1: 1541 daAuts
     D:9: 1514 daAuts
    D:13: 1381 daAuts
     D:8: 1323 daAuts
     D:2: 1297 daAuts
  Lair:3: 1246 daAuts
    D:12: 1172 daAuts
     D:6: 1049 daAuts
    D:11: 953 daAuts
     D:7: 933 daAuts
     D:1: 891 daAuts
     D:5: 884 daAuts
